 Dungeon Crawl Stone Soup version 0.25-a0-310-g60f0ac2d9a (webtiles) character file.

Game seed: 17609362863553065710, levelgen mode: deterministic

83 Gremour the Skirmisher (level 4, 0/31 HPs)
             Began as a Gargoyle Monk on Dec 23, 2019.
             Slain by a gnoll
             ... wielding a +5 spear
              (3 damage)
             ... on level 2 of the Dungeon.
             The game lasted 00:05:33 (997 turns).

Gremour the Skirmisher (Gargoyle Monk)               Turns: 997, Time: 00:05:34

Health: 0/31       AC: 10    Str: 14    XL:     4   Next: 44%
Magic:  4/4        EV: 10    Int: 16    God:
Gold:   56         SH:  0    Dex: 13    Spells: 3/3 levels left

rFire    . . .     SeeInvis .   a - +0 spear
rCold    . . .     Gourm    .   (no shield)
rNeg     + . .     Faith    .   h - +0 scale mail
rPois    ∞         Spirit   .   (no helmet)
rElec    +         Reflect  .   (no cloak)
rCorr    .         Harm     .   (no gloves)
MR       .....                  (no boots)
Stlth    +.........             (no amulet)
HPRegen  0.10/turn              (no ring)
MPRegen  0.09/turn              (no ring)

@: brilliant, hasted, very quick
A: negative energy resistance 1, electricity resistance, unbreathing,
petrification resistance, rot immunity, AC +3
a: no special abilities


You were on level 2 of the Dungeon.
You were hungry.

You visited 1 branch of the dungeon, and saw 3 of its levels.

You collected 56 gold pieces.

Inventory:

Hand Weapons
 a - a +0 spear (weapon)
Armour
 h - a +0 scale mail (worn)
Scrolls
 e - 2 scrolls of identify {unknown}
 i - a scroll of noise {unknown}
 j - a scroll of enchant weapon {unknown}
 k - a scroll of magic mapping {unknown}
 l - a scroll of teleportation {unknown}
 n - a scroll of remove curse {unknown}
Potions
 g - a potion of might {unknown}
 m - a potion of magic {unknown}
Comestibles
 c - 3 rations


   Skills:
 * Level 5.1 Fighting
 - Level 2.6 Polearms
 * Level 1.9 Armour
 - Level 2.4 Dodging
 - Level 2.1 Stealth


You had 3 spell levels left.
You didn't know any spells.
Your spell library was empty.

Dungeon Overview and Level Annotations

Branches:
Dungeon (3/15)

Altars:
Dithmenos


Innate Abilities, Weirdness & Mutations

You are resistant to torment.
Your stone body is resilient. (AC +3)
You are immune to poison.
You resist negative energy. (rN+)
You are resistant to electric shocks. (rElec)
You can survive without breathing.
You are immune to petrification.
You are immune to rotting.


Message History

You hear the slow rusting of a drain nearby.
You start resting.
You are feeling hungry.
Okay, then.
You start resting.
You hear the slow rusting of a drain nearby.
You climb upwards.
The gnoll hits you from afar with a +5 spear.
There is a stone staircase leading down here.
The gnoll hits you with a +5 spear.
You hit the gnoll but do no damage. The gnoll hits you with a +5 spear!
* * * LOW HITPOINT WARNING * * *
You completely miss the gnoll. The gnoll hits you but does no damage.
It was a potion of brilliance.
You feel clever all of a sudden. The gnoll barely misses you.
It was a potion of haste.
You feel yourself speed up. The gnoll hits you but does no damage.
You barely miss the gnoll. The gnoll hits you with a +5 spear.
You die...

#....)).# #..# #.###
#.#####.#####..##### ##...##
#.#####............. ##.....#
...............#######......#
#..####.####...# #.#.....#####
#..# #....#...# #.#.....#... ...#
##.##.#...##### #..#.##.#...
..^###...#.#...>...###.#..##.#...
......._.....)..@......##........
.#.#.#...###....g..###.#####.#...
.#.#.##.## #...#.### #.#####.#...
...#....# #...#.# #.......#...
#.####.####)..#.# #######.####
#......†...)..#.# #.##.#
###...#.##.##.##.# #.#.#.
#.......##.......# #..#..
#.......#####..... #....#


You could see a gnoll.

Vanquished Creatures
  2 gnolls (D:2)
  An adder (D:2)
  An ooze (D:1)
  2 worms (D:2)
  3 dart slugs (D:1)
  A leopard gecko (D:2)
  A ball python (D:1)
  5 bats
  6 goblins
  3 hobgoblins (D:1)
  2 jackals (D:2)
  5 kobolds
  4 frilled lizards (D:1)
  4 rats
40 creatures vanquished.

Notes
Turn   | Place    | Note
-------+----------+-------------------------------------------
     0 | D:1      | Gremour the Gargoyle Monk began the quest for the Orb.
     0 | D:1      | Reached XP level 1. HP: 14/14 MP: 1/1
    58 | D:1      | Reached XP level 2. HP: 20/20 MP: 2/2
   107 | D:1      | Reached skill level 4 in Fighting
   107 | D:1      | Reached skill level 1 in Armour
   229 | D:1      | Reached XP level 3. HP: 20/24 MP: 3/3
   556 | D:2      | Found a shadowy altar of Dithmenos.
   795 | D:2      | Reached XP level 4. HP: 23/30 MP: 4/4
   822 | D:2      | Reached skill level 5 in Fighting
   997 | D:2      | Slain by a gnoll

Levels and vault maps discovered:
D:1:      dpeg_arrival_fog, layout_rooms
D:2:      layout_loops_cross, nicolae_overflow_hidden_temple,
          nicolae_overflow_crystal_walls
D:3:      layout_basic, lemuel_crystal_altar, old_standard_altar, first_ration,
          portal_sewer_entry_d

Skill      XL: |  1  2  3  4 |
---------------+-------------+-----
Fighting       | 4 5 |  5.1
Armour         | 1 |  1.9
Polearms       | |  2.6
Dodging        | |  2.4
Stealth        | |  2.1

Action                   |  1- 3 |  4- 6 || total
-------------------------+-------+-------++-------
Melee: Spear             |   178 |    19 ||   197
  Use: Potion            |       |     2 ||     2
 Stab: Sleeping          |     4 |       ||     4
Armor: Robe              |    27 |       ||    27
       Scale mail        |    30 |    10 ||    40
Dodge: Dodged            |    70 |    16 ||    86

Table legend:
 A = Non-vault XP
 B = Vault XP
 C = Vault XP percentage of total XP
 D = Non-vault monster count
 E = Vault monster count
 F = Vault count percentage of total count
                 A         B        C        D         E       F
            +---------+---------+-------+---------+---------+-------
      Total |     119 |       0 |   0.0 |      40 |       0 |   0.0
            +---------+---------+-------+---------+---------+-------
        D:1 |      52 |       0 |   0.0 |      26 |       0 |   0.0
        D:2 |      67 |       0 |   0.0 |      14 |       0 |   0.0
            +---------+---------+-------+---------+---------+-------
